 Dungeon Crawl Stone Soup version 0.16-a0-1970-g0967df0 (webtiles) character file.

24 thegroundistoosoft the Insei (level 2, 0/24 HPs)
             Began as a Mummy Monk on Nov 8, 2014.
             Slain by a jackal (1 damage)
             ... on level 1 of the Dungeon.
             The game lasted 00:03:04 (1120 turns).

thegroundistoosoft the Insei (Mummy Monk)           Turns: 1120, Time: 00:03:04

Health: 0/24       AC:  0    Str: 14    XL:     2   Next: 79%
Magic:  2/2        EV: 13    Int:  9    God:
Gold:   22         SH:  0    Dex: 14    Spells: 0 memorised, 1 level left

rFire  x . .     SeeInvis .       - Unarmed
rCold  + . .     Clarity  .     (no armour)
rNeg   + + +     SustAb   .     (no shield)
rPois  +         Gourm    .     (no helmet)
rElec  .         Spirit   .     (no cloak)
rCorr  .         Warding  +     (no gloves)
rMut   .         Stasis   .     (no boots)
MR     .....                    a - amulet of warding
Stlth  ++........               (no ring)
                                (no ring)

@: not resistant to hostile enchantments, unstealthy
A: no food or potions, fire vulnerability, restore body, cold resistance 1,
negative energy resistance 3, poison resistance, torment resistance, unbreathing
a: no special abilities


You were on level 1 of the Dungeon.
You were not hungry.

You visited 1 branch of the dungeon, and saw 1 of its levels.

You collected 22 gold pieces.


Innate Abilities, Weirdness & Mutations

You do not eat or drink.
Your flesh is vulnerable to fire.
Your flesh is cold resistant.
You are immune to negative energy.
Your system is resistant to poisons.
You are immune to unholy pain and torment.
You can survive without breathing.


   Skills:
 - Level 3.0 Fighting
 - Level 2.4 Dodging
 - Level 1.5 Stealth
 + Level 4.0 Unarmed Combat


You had one spell level left.
You didn't know any spells.

Inventory:

Jewellery
 a - an amulet of warding (around neck)
Comestibles
 d - a slice of pizza (quivered)

Dungeon Overview and Level Annotations

Branches:
Dungeon (1/15)

Altars:

.# #.######.######..#.........#
.#####†#....#.# #..#.#######.#
.....#.#.##.#.######..#.#...###.#
.###.#.#......................#.#
.....#.#..#.#.#####.#.#.#...#.#.#
.#####......#.........#.#..## #.#
..........#.#..####.###.#.... #.#
.############.§####..##.#######..
(.(.....†.....§§@hh§>...#........
.####.########§####.#####.#######
.............#..hh.h........
#####.######.#..###.#####.#
....#.######.#..# #.#
....#.##.....#..# #.#
##..#.##.#####..# #)# ##....##.#
#..# #.# .#....##.# #....#.# #


You could see 2 jackals.


Message History

You closely miss the jackal.
The jackal is almost dead.
The jackal closely misses you. The jackal bites you.
* * * LOW HITPOINT WARNING * * *
The jackal bites you.
* * * LOW HITPOINT WARNING * * *
Read which item? (? for menu, Esc to quit)
Okay, then.
Read which item? (? for menu, Esc to quit)
As you read the scroll labeled GHEIS CRIASK, it crumbles to dust.
The scroll dissolves into smoke.
It was a scroll of fog.
The jackal bites you.
* * * LOW HITPOINT WARNING * * *
Read which item? (? for menu, Esc to quit)
As you read the scroll labeled CLISMUVAMM, it crumbles to dust.
It is a scroll of recharging.
You aren't carrying any rechargeable items.
The jackal completely misses you.
Read which item? (? for menu, Esc to quit)
As you read the scroll labeled SKYNAZ SYROITESUALL, it crumbles to dust.
It is a scroll of enchant weapon.
You aren't carrying any weapons that can be enchanted.
The jackal closely misses you. The jackal barely misses you.
You closely miss the jackal. Your punch misses the jackal.
The jackal is almost dead.
The jackal closely misses you.
You punch the jackal!
You kill the jackal!
You hit the jackal but do no damage. The jackal barely misses you.
The jackal bites you.
You die...

Action                   || total
-------------------------++-------
Melee: Unarmed           ||    68
  Use: Scroll            ||     3
 Stab: Sleeping          ||     1

Vault maps used:
D:1:      minmay_arrival_stone_box

Notes
Turn   | Place    | Note
--------------------------------------------------------------
     0 | D:1      | thegroundistoosoft, the Mummy Monk, began the quest for the Orb.
     0 | D:1      | Reached XP level 1. HP: 18/18 MP: 1/1
   190 | D:1      | thegroundistoosoft: HA HA
   364 | D:1      | hokuto mu ken has existed for over two thousand years, hobgoblin
   364 | D:1      | Artagel: rip enemies
   364 | D:1      | and it cannot be mastered by scum such as you
   560 | D:1      | Reached XP level 2. HP: 24/24 MP: 2/2
  1074 | D:1      | Reached skill level 4 in Unarmed Combat
  1114 | D:1      | HP: 2/24 [jackal (3)]
  1115 | D:1      | Artagel: rip us
  1115 | D:1      | thegroundistoosoft: heavens
  1120 | D:1      | Slain by a jackal

Vanquished Creatures
  5 bats (D:1)
  2 goblins (D:1)
  4 hobgoblins (D:1)
  A jackal (D:1)
  4 kobolds (D:1)
  A ball python (D:1)
  A giant gecko (D:1)
  A giant newt (D:1)
  4 rats (D:1)
23 creatures vanquished.
